 Dungeon Crawl Stone Soup version 0.19.5 (webtiles) character file.

253 Ponchio the Magician (level 5, -4/28 HPs)
             Began as a Deep Elf Conjurer on Sept 13, 2017.
             Was an Initiate of Vehumet.
             Slain by a hippogriff (10 damage)
             ... on level 4 of the Dungeon.
             The game lasted 00:23:24 (4120 turns).

Ponchio the Magician (Deep Elf Conjurer)            Turns: 4120, Time: 00:23:25

Health: -4/28      AC:  3    Str:  5    XL:     5   Next: 90%
Magic:  2/15       EV: 13    Int: 21    God:    Vehumet [......]
Gold:   179        SH:  0    Dex: 15    Spells: 4 memorised, 3 levels left

rFire  . . .     SeeInvis .     p - +2 dagger (speed)
rCold  . . .     Gourm    .     a - +1 robe
rNeg   . . .     Faith    .     (no shield)
rPois  .         Spirit   .     (no helmet)
rElec  .         Reflect  .     (no cloak)
rCorr  .         Harm     .     (no gloves)
MR     .....                    (no boots)
Stlth  ++........               (no amulet)
                                (no ring)
                                (no ring)

@: about to teleport, very slightly contaminated
A: no striking features
a: Renounce Religion


You were on level 4 of the Dungeon.
You worshipped Vehumet.
Vehumet was noncommittal.
You were hungry.

You visited 2 branches of the dungeon, and saw 5 of its levels.

You collected 179 gold pieces.

Inventory:

Hand Weapons
 p - a +2 dagger of speed (weapon)
Armour
 a - a +1 robe (worn)
Scrolls
 i - 2 scrolls of remove curse
 q - 2 scrolls of recharging
Potions
 e - a potion of curing
 f - a potion of mutation {unknown}
 h - a potion of lignification {unknown}
 k - 3 potions of heal wounds
 l - 2 potions of degeneration {unknown}
 s - a potion of cancellation {unknown}
Books
 b - a book of Conjurations

   Spells                             Type                      Level
   a - Magic Dart                     Conjuration                  1
   b - Searing Ray                    Conjuration                  2
   c - Dazzling Spray                 Conjuration/Hexes            3
   d - Fulminant Prism                Conjuration/Hexes            4
   e - Iskenderun's Mystic Blast      Conjuration                  4
   f - Iskenderun's Battlesphere      Conjuration/Charms           5
 u - a book of Misfortune

   Spells                             Type                      Level
   a - Confusing Touch                Hexes                        1
   b - Confuse                        Hexes                        3
   c - Gell's Gravitas                Hexes/Translocation          3
   d - Petrify                        Transmutation/Earth          4
   e - Metabolic Englaciation         Hexes/Ice                    5
   f - Yara's Violent Unravelling     Hexes/Transmutation          5
Comestibles
 c - 4 bread rations
 d - a royal jelly
 r - a meat ration


   Skills:
 - Level 2.4 Dodging
 - Level 2.4 Stealth
 + Level 6.0 Spellcasting
 * Level 4.4 Conjurations
 + Level 4.3 Charms
 - Level 1.6 Transmutations
 - Level 2.0 Earth Magic


You had 3 spell levels left.
You knew the following spells:

 Your Spells              Type           Power        Failure   Level  Hunger
a - Magic Dart            Conj           ####         1%          1    None
b - Dazzling Spray        Conj/Hex       ###...       14%         3    ##.....
c - Petrify               Tmut/Erth      ##......     54%         4    ####...
d - Iskenderun's Battles  Conj/Chrm      ###.....     54%         5    #####..


Dungeon Overview and Level Annotations

Branches:
Dungeon (4/15)             Temple (1/1) D:4

Altars:
Ashenzari
Cheibriados
Dithmenos
Elyvilon
Fedhas
Gozag
Hepliaklqana
Kikubaaqudgha
Makhleb
Nemelex Xobeh
Okawaru
Qazlal
Ru
Sif Muna
Trog
Uskayaw
Vehumet
Xom
Yredelemnul
Zin
The Shining One


Message History

Aiming: Dazzling Spray
Press: ? - help, Shift-Dir - straight line, f/p - hippogriff
Aim: a hippogriff (moderately wounded)
Okay, then.
Casting: Dazzling Spray
Confirm with . or Enter, or press ? or * to list all spells.
The spell is very dangerous to cast!
Continue anyway?
Aiming: Petrify
Press: ? - help, Shift-Dir - straight line, f/p - hippogriff
Aim: a hippogriff (moderately wounded, chance to defeat MR: 40%)
The hippogriff resists with some effort.
You are feeling hungry.
The hippogriff closely misses you. x2
The hippogriff claws you but does no damage.
The hippogriff bites you!
* * * LOW HITPOINT WARNING * * *
The hippogriff barely misses you. The hippogriff closely misses you.
As you read the scroll of teleportation, it crumbles to dust.
You feel strangely unstable. The hippogriff bites you!
You die...

#...####............... ..
##...####.#..#....###.###...#
.............................
###...###.##.#..#..##.## .#
#.. #.##.#..##.##.###...# #.#
#.##.#..##...........
#..#.#..##..#.###...#
#...........#.# ..
.......@H....# ...##.###.#.##
.....# #..... ..# #.##.## #.
#.# ... # #.# #.#. #.. .#
.... .w. .. ##..


You could see a hippogriff.

Vanquished Creatures
  An orc priest (D:4)
  A worker ant (D:4)
  A hound skeleton (D:4)
  5 adders
  A howler monkey skeleton (D:4)
  An ooze (D:2)
  7 worms
  2 dart slugs (D:2)
  5 leopard geckos
  11 orcs
  6 bats
  3 giant cockroaches
  5 goblins
  13 hobgoblins
  5 jackals
  2 quokkas (D:3)
  A ball python (D:1)
  6 frilled lizards
  6 kobolds
  9 rats
91 creatures vanquished.

Notes
Turn   | Place    | Note
-------+----------+-------------------------------------------
     0 | D:1      | Ponchio the Deep Elf Conjurer began the quest for the Orb.
     0 | D:1      | Reached XP level 1. HP: 10/10 MP: 6/6
   118 | D:1      | Reached XP level 2. HP: 15/15 MP: 4/8
   122 | D:1      | Reached skill level 4 in Spellcasting
  1007 | D:2      | Reached XP level 3. HP: 19/19 MP: 9/11
  1012 | D:2      | Learned a level 3 spell: Dazzling Spray
  1054 | D:2      | Reached skill level 5 in Spellcasting
  1483 | D:2      | Reached XP level 4. HP: 24/24 MP: 10/13
  1648 | D:2      | Reached skill level 6 in Spellcasting
  1729 | D:2      | Learned a level 4 spell: Petrify
  2545 | D:3      | Reached skill level 1 in Transmutations
  2545 | D:3      | Reached skill level 1 in Earth Magic
  2953 | D:3      | Reached XP level 5. HP: 26/28 MP: 4/15
  2975 | D:3      | Learned a level 5 spell: Iskenderun's Battlesphere
  3226 | D:3      | Reached skill level 1 in Charms
  3402 | D:4      | Found a staircase to the Ecumenical Temple.
  3426 | Temple   | Entered the Ecumenical Temple
  3766 | Temple   | Became a worshipper of Vehumet
  4104 | D:4      | Noticed a hippogriff
  4120 | D:4      | Slain by a hippogriff

Skill      XL: |  1  2  3  4  5 |
---------------+----------------+-----
Spellcasting   | 4 5 6 |  6.0
Transmutations | 1 |  1.6
Earth Magic    | 1 2 |  2.0
Charms         | 4 |  4.3
Dodging        | |  2.4
Stealth        | |  2.4
Conjurations   | |  4.4

Action                   |  1- 3 |  4- 6 || total
-------------------------+-------+-------++-------
Melee: Unarmed           |     8 |       ||     8
 Cast: Magic Dart        |    91 |   166 ||   257
       Petrify           |       |     1 ||     1
  Use: Scroll            |       |    10 ||    10
       Potion            |       |     1 ||     1
  Eat: Chunk             |     2 |     7 ||     9
Armor: Robe              |    13 |     3 ||    16
Dodge: Dodged            |    39 |    20 ||    59
